 Dungeon Crawl Stone Soup version 0.29-a0-398-ge13fd1374b (webtiles) character file.

Game seed: 161591741287922230

18 lesaewzxc the Vexing (level 2, 0/16 HPs)
             Began as a Kobold Arcane Marksman on May 12, 2022.
             Slain by a worm (10 damage)
             ... on level 2 of the Dungeon.
             The game lasted 00:07:13 (958 turns).

lesaewzxc the Vexing (Kobold Arcane Marksman)        Turns: 958, Time: 00:07:16

Health: 0/16       AC:  3    Str:  7    XL:     2   Next: 85%
Magic:  2/4        EV: 15    Int: 14    God:
Gold:   29         SH:  0    Dex: 15    Spells: 3/4 levels left

rFire   . . .      SeeInvis .   a - +0 hand crossbow
rCold   . . .      Faith    .   (no shield)
rNeg    . . .      Spirit   .   b - +0 robe
rPois   .          Reflect  .   (no helmet)
rElec   .          Harm     .   (no cloak)
rCorr   .          Rampage  .   (no gloves)
Will    .....                   f - +0 pair of boots
Stlth   ++........              (no amulet)
HPRegen 0.05/turn               (no ring)
MPRegen 0.09/turn               (no ring)

@: no status effects
A: small, no large weapons, nightstalker 3
a: no special abilities


You were on level 2 of the Dungeon.
You visited 1 branch of the dungeon, and saw 2 of its levels.

You collected 71 gold pieces.
You spent 42 gold pieces at shops.

Inventory:

Hand Weapons
 a - a +0 hand crossbow (weapon)
Missiles
 g - a throwing net
Armour
 b - a +0 robe (worn)
 f - a +0 pair of boots (worn)
Scrolls
 c - a scroll of vulnerability
 e - a scroll of teleportation
Potions
 d - a potion of brilliance


   Skills:
 * Level 1.5 Fighting
 + Level 2.9 Crossbows
 + Level 2.6 Dodging
 * Level 1.6 Spellcasting
 + Level 3.1 Hexes
 * Level 0.6 Ice Magic


You had 3 spell levels left.
You knew the following spells:

 Your Spells              Type           Power      Damage    Failure   Level
a - Slow                  Hex            36%        N/A       7%          1

Your spell library contained the following spells:

 Spells                   Type           Power      Damage    Failure   Level
 Confusing Touch          Hex            9%         N/A       21%         3
 Inner Flame              Hex/Fire       5%         N/A       36%         3
 Portal Projectile        Hex/Tloc       10%        N/A       36%         3
 Ozocubu's Armour         Ice            2%         N/A       50%         3
 Cause Fear               Hex            4%         N/A       56%         4
 Metabolic Englaciation   Hex/Ice        3%         N/A       97%         5
 Yara's Violent Unravell  Hex/Tmut       2%         3d3       98%         5
 Simulacrum               Ice/Necr       1%         N/A       100%        6
 Enfeeble                 Hex            4%         N/A       100%        7


Dungeon Overview and Level Annotations

Branches:
Dungeon (2/15)

Altars:

Shops:
D:1 *


Innate Abilities, Weirdness & Mutations

You are small and have problems with some larger weapons.
You are completely attuned to the shadows.


Message History

Press: ? - help, Q - select action, (/) - cycle Shift-Dir - straight line, f/p - worm
Aim: a worm (chance to affect: 55%)
Okay, then.
Shoot: a) +0 hand crossbow
Press: ? - help, Shift-Dir - straight line, f/p - worm
Aim: a worm (79% to hit)
You shoot a bolt.
The bolt hits the worm but does no damage.
The worm closely misses you.
Unknown command.
Shoot: a) +0 hand crossbow
Press: ? - help, Shift-Dir - straight line, f/p - worm
Aim: a worm (79% to hit)
You shoot a bolt. The bolt hits the worm!
The worm is moderately wounded.
The worm closely misses you.
Shoot: a) +0 hand crossbow
Press: ? - help, Shift-Dir - straight line, f/p - worm
Aim: a worm (moderately wounded, 79% to hit)
You shoot a bolt. The bolt hits the worm!
The worm is severely wounded.
Shoot: a) +0 hand crossbow
Press: ? - help, Shift-Dir - straight line, f/p - worm
Aim: a worm (severely wounded, 79% to hit)
You shoot a bolt.
The bolt hits the worm but does no damage.
The worm is severely wounded.
The worm bites you.
Shoot: a) +0 hand crossbow
Press: ? - help, Shift-Dir - straight line, f/p - worm
Aim: a worm (severely wounded, 79% to hit)
You shoot a bolt. The bolt barely misses the worm.
The worm barely misses you.
Shoot: a) +0 hand crossbow
Press: ? - help, Shift-Dir - straight line, f/p - worm
Aim: a worm (severely wounded, 79% to hit)
You shoot a bolt. The bolt hits the worm.
The worm is almost dead.
The worm bites you!
Ouch! That really hurt!
You die...

#.# #.#
####.########
............#
.###.######.#
#+#
#.###########
#...........#
#############.#
#.@.......# #.#
#w#######.# #.#
#. #.# #.# #.
#.# #.# #. #.#
#.# #.# #.# #.#
#.# ####.# #.#
.....###.#


You could see a worm.

Vanquished Creatures
  3 endoplasms
  A giant cockroach (D:1)
  2 goblins (D:1)
  2 hobgoblins (D:1)
  3 bats
  2 frilled lizards (D:1)
  2 kobolds (D:1)
  3 rats (D:1)
18 creatures vanquished.

Notes
Turn   | Place    | Note
-------+----------+-------------------------------------------
     0 | D:1      | lesaewzxc the Kobold Arcane Marksman began the quest for
                  | the Orb.
     0 | D:1      | Reached XP level 1. HP: 12/12 MP: 2/2
   148 | D:1      | Reached XP level 2. HP: 14/16 MP: 3/3
   521 | D:1      | Found Jithras's General Store.
   529 | D:1      | Bought a scroll of teleportation for 42 gold pieces
   958 | D:2      | Slain by a worm

Illustrated notes

Levels and vault maps discovered:
D:1:      saegor_arrival_simple_d, layout_rooms, ebering_ecumenical_altar_hall,
          serial_shops, shop
D:2:      layout_basic

Action                   || total
-------------------------++-------
 Fire: Hand crossbow     ||    46
 Cast: Slow              ||     4
  Use: Potion            ||     2
Armor: Robe              ||     5
Dodge: Dodged            ||    34

Table legend: (Time is in decaauts)
 A = Elapsed time spent in this place.
 B = Non-inter-level travel time spent in this place.
 C = Inter-level travel time spent in this place.
 D = Time resting spent in this place.
 E = Time spent auto-exploring this place.
 F = Levels seen in this place.
 G = Mean time per level.
                   A        B        C        D        E       F      G
               +--------+--------+--------+--------+--------+-----+--------+
         Total |    954 |    954 |      0 |      0 |    149 |   2 |  477.0 |
       Dungeon |    954 |    954 |      0 |      0 |    149 |   2 |  477.0 |
               +--------+--------+--------+--------+--------+-----+--------+

Top non-repeatable levels by time:
     D:1: 794 daAuts
     D:2: 159 daAuts
